 Dungeon Crawl Stone Soup version 0.31-a0-986-g5e6e4ef867 (webtiles) character file.

Game seed: 3019065296083460621

44 voltaire321 the Sneak (level 3, -1/23 HPs)
             Began as an Octopode Earth Elementalist on Nov 7, 2023.
             Slain by a gnoll
             ... wielding a +0 club
              (8 damage)
             ... on level 2 of the Dungeon.
             The game lasted 00:04:42 (1059 turns).

voltaire321 the Sneak (Octopode Earth Elementalist) Turns: 1059, Time: 00:04:43

Health: -1/23      AC:  1    Str:  7    XL:     3   Next: 60%
Magic:  3/6        EV: 13    Int: 19    God:
Gold:   38         SH:  0    Dex: 12    Spells: 3/6 levels left

rFire   . . .        h - +1 short sword (elec)
rCold   . . .        (no shield)
rNeg    + . .        (helmet restricted)
rPois   .            (no amulet)
rElec   .            d - ring of positive energy
rCorr   .            (no ring)
SInv    .            (no ring)
Will    .....        (no ring)
Stlth   +++          (no ring)
HPRegen 0.23/turn    (no ring)
MPRegen 0.10/turn    (no ring)
                     (no ring)

%: no passive effects
@: no status effects
A: almost no armour, amphibious, 8 rings, camouflage 1, gelatinous body 1,
(nimble swimmer 1), tentacles
a: no special abilities


You were on level 2 of the Dungeon.
You visited 1 branch of the dungeon, and saw 2 of its levels.

You collected 38 gold pieces.

Inventory:

Hand Weapons
 h - a +1 short sword of electrocution (weapon)
Jewellery
 d - a ring of positive energy (left tentacle)
Scrolls
 e - a scroll of poison {unknown}
 f - a scroll of noise {unknown}
 g - a scroll of enchant weapon {unknown}
 i - a scroll of silence {unknown}
 j - a scroll of identify {unknown}
Potions
 a - a potion of magic
 b - a potion of heal wounds {unknown}
 c - a potion of curing {unknown}


   Skills:
 + Level 1.1 Fighting
 + Level 2.4 Dodging
 + Level 3.3 Stealth
 + Level 2.3 Spellcasting
 + Level 0.3 Conjurations
 - Level 1.0 Transmutations
 + Level 3.3 Earth Magic


You had 3 spell levels left.
You knew the following spells:

 Your Spells              Type           Power      Damage    Failure   Level
a - Sandblast             Erth           28%        2d8       4%          1
b - Searing Ray           Conj           6%         2d4       22%         2

Your spell library contained the following spells:

 Spells                   Type           Power      Damage    Failure   Level
 Passwall                 Tmut/Erth      8%         N/A       11%         2
 Magic Dart               Conj           12%        1d3       14%         1
 Stone Arrow              Conj/Erth      18%        3d8       22%         3
 Petrify                  Tmut/Erth      10%        N/A       56%         4
 Brom's Barrelling Bould  Conj/Erth      9%         2d3       58%         4
 Fulminant Prism          Conj/Hex       1%         3d5       83%         4


Dungeon Overview and Level Annotations

Branches:
Dungeon (2/15)

Altars:

Shops:
D:2 :


Innate Abilities, Weirdness & Mutations

You cannot wear most types of armour.
You are amphibious.
You can wear up to eight rings at the same time.
Your skin changes colour to match your surroundings (Stealth+).
Your rubbery body absorbs attacks. (AC +1, EV +1)
((You are camouflaged when in or above water. (Stealth+)))
You have tentacles for arms and can constrict up to eight enemies at once.


Message History

Found a transporter.
There is a transporter here.
You enter the transporter and appear at another place.
The gnoll shouts!
There is an entrance to Utaucriw's Book Shop here.
You can access your shopping list by pressing '$'.
There is a transporter here.
You enter the transporter and appear at another place.
The gnoll misses you.
You barely miss the gnoll.
The gnoll shouts!
You grab the gnoll.
You constrict the gnoll, but do no damage.
The gnoll misses you. The gnoll hits you with a +0 club.
Aiming: Sandblast (safe; 4% risk of failure)
Press: ? - help, Q - select action, (/) - cycle Shift-Dir - straight line, f - gnoll
Aim: a gnoll, wielding a +0 club (84% to hit)
The blast of sand hits the gnoll.
The gnoll is heavily wounded.
You constrict the gnoll, but do no damage.
The gnoll barely misses you. The gnoll closely misses you.
The gnoll hits you with a +0 club! The gnoll closely misses you. x2
Aiming: Sandblast (safe; 4% risk of failure)
Press: ? - help, Q - select action, (/) - cycle Shift-Dir - straight line, f/p - gnoll
Aim: a gnoll, wielding a +0 club (heavily wounded, 84% to hit)
The blast of sand hits the gnoll!
You kill the gnoll!
You constrict the gnoll.
A frilled lizard comes into view.
The gnoll hits you from afar with a +0 spear.
The gnoll hits you with a +0 club.
* * * LOW HITPOINT WARNING * * *
Aiming: Sandblast (safe; 4% risk of failure)
Press: ? - help, Q - select action, (/) - cycle Shift-Dir - straight line, f - gnoll
Aim: a gnoll, wielding a +0 club (lightly wounded, constricted by you, 100% to hit)
The blast of sand hits the gnoll.
The gnoll is moderately wounded.
You constrict the gnoll, but do no damage.
The gnoll hits you with a +0 club!
You die...

###############
##...#.....#g..##...
#...©#©.∩.©#@.g.l...
#....#.....#.)......
#.#################.
#.### #...# ###.#
#.# ##
#.########....
#..........#


You could see 2 gnolls and a frilled lizard.

Vanquished Creatures
  A gnoll (D:2)
  3 endoplasms
  3 giant cockroaches
  5 goblins (D:1)
  4 hobgoblins
  6 kobolds
  4 bats (D:1)
  3 frilled lizards (D:1)
  3 rats
32 creatures vanquished.

Notes
Turn   | Place    | Note
-------+----------+-------------------------------------------
     0 | D:1      | voltaire321 the Octopode Earth Elementalist began the quest
                  | for the Orb.
     0 | D:1      | Reached XP level 1. HP: 11/11 MP: 3/3
     0 | D:1      | Noticed an iron dragon
     3 | D:1      | Noticed an iron dragon
     5 | D:1      | Noticed an ice dragon
     6 | D:1      | Noticed a golden dragon
     7 | D:1      | Noticed a large abomination
     8 | D:1      | Noticed an orb of fire
    11 | D:1      | Noticed a shadow dragon
    11 | D:1      | Noticed a white draconian
    13 | D:1      | Noticed a yellow draconian
    15 | D:1      | Noticed an ice dragon
    15 | D:1      | Noticed a shadow dragon
    17 | D:1      | Noticed an orb of fire
    17 | D:1      | Noticed a tentacled monstrosity
    17 | D:1      | Noticed a large abomination
    19 | D:1      | Noticed an orb of fire
    19 | D:1      | Noticed an iron dragon
   124 | D:1      | Reached XP level 2. HP: 18/18 MP: 3/5
   428 | D:1      | Learned a level 2 spell: Searing Ray
   475 | D:1      | Reached XP level 3. HP: 22/22 MP: 2/6
   704 | D:2      | Reached skill level 1 in Fighting
  1045 | D:2      | Found a transporter.
  1045 | D:2      | Found Utaucriw's Book Shop.
  1047 | D:2      | Found a transporter.
  1059 | D:2      | Slain by a gnoll

Illustrated notes

Levels and vault maps discovered:
D:1:      shiori_arrival_whats_in_store_for_you, layout_rooms,
          nicolae_twisty_statue_hallways
D:2:      layout_loops_ring, basic_altar, serial_shops, nicolae_shop_drivethru

Skill      XL: |  1  2  3 |
---------------+----------+-----
Stealth        | 3 |  3.3
Fighting       | 1 |  1.1
Dodging        | |  2.4
Spellcasting   | |  2.3
Conjurations   | |  0.3
Transmutations | |  1.0
Earth Magic    | |  3.3

Action                     || total
---------------------------++-------
  Melee: Unarmed           ||    10
         Tentacles         ||     3
         Constrict         ||     4
         Dagger            ||     6
         Short sword       ||     1
   Cast: Sandblast         ||    36
 Armour: Skin              ||    15
  Dodge: Dodged            ||    25

Table legend: (Time is in decaauts)
 A = Elapsed time spent in this place.
 B = Non-inter-level travel time spent in this place.
 C = Inter-level travel time spent in this place.
 D = Time resting spent in this place.
 E = Time spent auto-exploring this place.
 F = Levels seen in this place.
 G = Mean time per level.
                   A        B        C        D        E       F      G
               +--------+--------+--------+--------+--------+-----+--------+
         Total |   1074 |   1057 |     17 |    126 |    684 |   2 |  537.0 |
       Dungeon |   1074 |   1057 |     17 |    126 |    684 |   2 |  537.0 |
               +--------+--------+--------+--------+--------+-----+--------+

Top non-repeatable levels by time:
     D:1: 681 daAuts
     D:2: 393 daAuts
